 Dungeon Crawl Stone Soup version 0.28-a0-178-ga708605c5b (webtiles) character file.

Game seed: 11704727978921990430

64 Spaninq the Chopper (level 4, -4/42 HPs)
             Began as a Naga Monk on Aug 17, 2021.
             Slain by a gnoll (6 damage)
             ... on level 2 of the Dungeon.
             The game lasted 00:04:15 (1618 turns).

Spaninq the Chopper (Naga Monk)                     Turns: 1618, Time: 00:04:16

Health: -4/42      AC:  5    Str: 14    XL:     4   Next: 12%
Magic:  4/4        EV:  4    Int: 11    God:
Gold:   73         SH:  0    Dex: 13    Spells: 3/3 levels left

rFire   . . .      SeeInvis +   a - +0 hand axe
rCold   . . .      Faith    .   (no shield)
rNeg    . . .      Spirit   .   d - +0 chain mail
rPois   +          Reflect  .   (no helmet)
rElec   .          Harm     .   (no cloak)
rCorr   .          Rampage  .   (no gloves)
Will    .....                   (no barding)
Stlth   ..........              (no amulet)
HPRegen 0.14/turn               (no ring)
MPRegen 0.09/turn               (no ring)

@: short of breath, very slow
A: AC +1, large, see invisible, deformed body, poison resistance, slowness 2,
spit poison 1, naga tail 1
a: Spit Poison


You were on level 2 of the Dungeon.
You visited 1 branch of the dungeon, and saw 2 of its levels.

You collected 73 gold pieces.

Inventory:

Hand Weapons
 a - a +0 hand axe (weapon)
Armour
 b - a +0 robe
 d - a +0 chain mail (worn)
Scrolls
 e - a scroll of teleportation {unknown}
 g - a scroll of enchant armour {unknown}
Potions
 c - a potion of brilliance {unknown}
 f - a potion of flight {unknown}


   Skills:
 + Level 3.5 Fighting
 * Level 3.9 Axes
 + Level 1.0 Armour
 - Level 2.5 Dodging
 - Level 3.3 Stealth


You had 3 spell levels left.
You didn't know any spells.
Your spell library contained the following spells:

 Spells                   Type           Power      Damage    Failure   Level
 Summon Small Mammal      Summ           0%         N/A       100%        1
 Call Canine Familiar     Summ           0%         N/A       100%        3
 Summon Guardian Golem    Hex/Summ       0%         N/A       100%        3


Dungeon Overview and Level Annotations

Branches:
Dungeon (2/15)

Altars:


Innate Abilities, Weirdness & Mutations

Your serpentine skin is tough. (AC +1)
You have supernaturally acute eyesight. (SInv)
Armour fits poorly on your strangely shaped body.
Your system is resistant to poisons. (rPois)
You cover ground very slowly.
You can spit poison.
You have a snake-like lower body.


Message History

Aim: a gnoll, wielding a +0 spear The splash of poison hits the gnoll.
The gnoll is poisoned.
The gnoll is moderately wounded.
The gnoll hits you from afar with a +0 spear.
You have got your breath back.
Press: ? - help, Shift-Dir - straight line, f/p - gnoll
Aim: a gnoll, wielding a +0 spear (heavily wounded, poisoned)
The splash of poison hits the gnoll.
The gnoll looks even sicker.
The gnoll is severely wounded.
The gnoll hits you from afar with a +0 spear!
* * * LOW HITPOINT WARNING * * *
You kill the gnoll!
A gnoll comes into view. It is wielding a +0 spear.
Your Armour skill increases to level 1!
You have reached level 4!
You feel clever.
A gnoll is nearby!
You have got your breath back.
You see here an adder corpse.
You start resting.
A gnoll is nearby!
Press: ? - help, Shift-Dir - straight line, f - you
Okay, then.
Press: ? - help, Shift-Dir - straight line, f - gnoll
Aim: a gnoll, wielding a +0 spear The splash of poison hits the gnoll.
The gnoll is poisoned.
The gnoll is heavily wounded.
The gnoll hits you from afar with a +0 spear.
The gnoll hits you from afar with a +0 spear. x2
* * * LOW HITPOINT WARNING * * *
You have got your breath back.
Press: ? - help, Shift-Dir - straight line, f/p - gnoll
Aim: a gnoll, wielding a +0 spear (heavily wounded, poisoned)
The splash of poison hits the gnoll.
The gnoll is severely wounded.
The gnoll looks more healthy.
The gnoll completely misses you.
The gnoll hits you from afar with a +0 spear!
* * * LOW HITPOINT WARNING * * *
The gnoll hits you from afar with a +0 spear.
You die...

##### ##...##
##.....## #.......#
#....g..# ##......@#
######.......##
####.............##
#.....###.........#
..#...............#
#....######.......#
.....)..###รท....###
##......##..###..#
#...........# ##.#


You could see a gnoll.

Vanquished Creatures
  3 gnolls (D:2)
  An adder (D:2)
  3 ball pythons
  3 bats
  3 endoplasms
  A giant cockroach (D:2)
  A goblin (D:1)
  A hobgoblin (D:1)
  A quokka (D:1)
  2 frilled lizards
  2 kobolds (D:1)
  8 rats
29 creatures vanquished.

Notes
Turn   | Place    | Note
-------+----------+-------------------------------------------
     0 | D:1      | Spaninq the Naga Monk began the quest for the Orb.
     0 | D:1      | Reached XP level 1. HP: 21/21 MP: 1/1
   279 | D:1      | Reached XP level 2. HP: 10/28 MP: 2/2
  1360 | D:2      | Found a faded altar of an unknown god.
  1418 | D:2      | Reached XP level 3. HP: 34/34 MP: 3/3
  1547 | D:2      | Reached skill level 1 in Armour
  1547 | D:2      | Reached XP level 4. HP: 10/42 MP: 4/4
  1618 | D:2      | HP: 2/42 [gnoll (8)]
  1618 | D:2      | Slain by a gnoll

Illustrated notes

Levels and vault maps discovered:
D:1:      roderic_dead_forest, layout_basic, kennysheep_decorative_pillar,
          minmay_tetromino_i2
D:2:      layout_rooms, hellmonk_ecumenical_altar_arch_garden,
          serial_park_tiny_2, kennysheep_boxes

Skill      XL: |  1  2  3 |
---------------+----------+-----
Armour         | 1 |  1.0
Fighting       | |  3.5
Axes           | |  3.9
Dodging        | |  2.5
Stealth        | |  3.3

Action                   |  1- 3 |  4- 6 || total
-------------------------+-------+-------++-------
Melee: Hand axe          |    36 |       ||    36
 Abil: Spit Poison       |    29 |     2 ||    31
Armor: Robe              |     2 |       ||     2
       Chain mail        |    11 |       ||    11
Dodge: Dodged            |    17 |     1 ||    18

Table legend: (Time is in decaauts)
 A = Elapsed time spent in this place.
 B = Non-inter-level travel time spent in this place.
 C = Inter-level travel time spent in this place.
 D = Time resting spent in this place.
 E = Time spent auto-exploring this place.
 F = Levels seen in this place.
 G = Mean time per level.
                   A        B        C        D        E       F      G
               +--------+--------+--------+--------+--------+-----+--------+
         Total |   2021 |   1999 |     22 |     53 |   1623 |   2 | 1010.5 |
       Dungeon |   2021 |   1999 |     22 |     53 |   1623 |   2 | 1010.5 |
               +--------+--------+--------+--------+--------+-----+--------+

Top non-repeatable levels by time:
     D:1: 1475 daAuts
     D:2: 545 daAuts
